 Dungeon Crawl Stone Soup version 0.17-a0-1545-gc1bb672 (webtiles) character file.

240309 mmazing the Axe Maniac (level 19, 0/265 HPs)
             Began as a Hill Orc Berserker on July 10, 2015.
             Was the Champion of Trog.
             Killed from afar by a deep elf sorcerer (14 damage)
             ... with a bolt of acid
             ... on level 5 of the Vaults on July 19, 2015.
             The game lasted 05:39:40 (49131 turns).

mmazing the Axe Maniac (Hill Orc Berserker)        Turns: 49131, Time: 05:39:40

Health: 0/265      AC: 38    Str: 27    XL:     19   Next: 77%
Magic:  19/19      EV: 13    Int:  7    God:    Trog [******]
Gold:   3719       SH:  0    Dex: 16    Spells: 0 memorised, 18 levels left

rFire  . . .     SeeInvis .     y - +7 executioner's axe of Insufficient Pleasure {chop, Int+3}
rCold  + + .     Clarity  .     s - +7 plate armour {MR+}
rNeg   . . .     SustAt   .     (no shield)
rPois  +         Gourm    .     J - +0 helmet
rElec  +         Spirit   .     I - +0 cloak "Peapp" {MR+}
rCorr  .         Warding  .     Q - +0 pair of gloves "Kucwucw" {rElec rPois rC++ Int-3}
rMut   +         Stasis   .     f - +1 pair of boots
MR     +++..                    O - amulet of resist mutation
Stlth  ..........               X - +4 ring of evasion
                                V - +3 ring of protection

@: berserking, very quick, extremely resistant to hostile enchantments,
extremely unstealthy
A: no striking features
a: Burn Spellbooks, Berserk, Trog's Hand, Brothers in Arms, Renounce Religion
}: 1/15 runes: gossamer


You were on level 5 of the Vaults.
You worshipped Trog.
Trog was exalted by your worship.
You were not hungry.

You visited 6 branches of the dungeon, and saw 37 of its levels.
You visited 1 bazaar.
You also visited: Labyrinth and Sewer.

You collected 5225 gold pieces.
You spent 1506 gold pieces at shops.

Inventory:

Hand weapons
 y - the +7 executioner's axe of Insufficient Pleasure (weapon) {chop, Int+3}
   (Trog gifted it to you on level 12 of the Dungeon)

   It inflicts extra damage upon your enemies.
   It affects your intelligence (+3).
 W - the +9 war axe of Upheaval {flame, MR+ Str+3}
   (You found it on level 2 of the Spider Nest)

   It has been specially enchanted to burn those struck by it, causing extra
   injury to most foes and up to half again as much damage against particularly
   susceptible opponents.
   Big, fiery blades are also staple armaments of hydra-hunters.
   It affects your strength (+3).
   It affects your resistance to hostile enchantments.
Missiles
 m - 8 tomahawks of returning (quivered)
Armour
 f - a +1 pair of boots (worn)
 s - a +7 plate armour of magic resistance (worn)
 v - a +0 fire dragon armour
 I - the +0 cloak "Peapp" (worn) {MR+}
   (You bought it in a shop on level 4 of the Orcish Mines)

   It affects your resistance to hostile enchantments.
 J - a +0 helmet (worn)
 Q - the +0 pair of gloves "Kucwucw" (worn) {rElec rPois rC++ Int-3}
   (You acquired it on level 2 of the Spider Nest)

   It affects your intelligence (-3).
   It greatly protects you from cold.
   It insulates you from electricity.
   It protects you from poison.
Jewellery
 j - an uncursed ring of protection from cold
 k - a +2 ring of evasion
 q - an uncursed ring of poison resistance
 F - an uncursed ring of positive energy
 O - an amulet of resist mutation (around neck)
 S - an uncursed ring of fire
 V - a +3 ring of protection (left hand)
 X - a +4 ring of evasion (right hand)
Magical devices
 a - a wand of fireball (10)
 h - a wand of teleportation (4)
 l - a wand of cold (6)
 n - a wand of digging (9)
 z - a wand of teleportation (5)
 E - a wand of teleportation (3)
 G - a wand of lightning (12)
 M - a wand of polymorph (14)
 Y - a wand of lightning (3)
 Z - a wand of digging (3)
Scrolls
 d - 7 scrolls of blinking
 e - 14 scrolls of remove curse
 g - 6 scrolls of fear
 i - 3 scrolls of magic mapping
 t - a scroll of summoning
 u - 4 scrolls of recharging
 D - a scroll of noise
 K - 4 scrolls of fog
 L - a scroll of silence
 N - 5 scrolls of enchant weapon
 T - 2 scrolls of enchant armour
Potions
 o - a potion of cure mutation
 p - 11 potions of curing
 x - a potion of might
 B - 4 potions of agility
 H - 3 potions of heal wounds
 R - 3 potions of haste
Miscellaneous
 b - a plain deck of defence {the Elixir, drawn: 1}
Comestibles
 c - 19 bread rations
 r - a meat ration
 C - 25 fruits


   Skills:
 + Level 17.4 Fighting
 O Level 27 Axes
 + Level 21.4 Armour
 - Level 1.5 Dodging


You had 18 spell levels left.
You didn't know any spells.

Dungeon Overview and Level Annotations

Branches:
Dungeon (15/15)            Temple (0/1) D:6            Lair (8/8) D:10
 Shoals (1/4) Lair:3       Spider (4/4) Lair:3        Slime (0/6) Lair:6
    Orc (4/4) D:12            Elf (0/3) Orc:3        Vaults (5/5) D:13
 Depths (0/5) D:15
  Crypt: Vaults:2-3

Altars:
Gozag
Kikubaaqudgha
Makhleb
Nemelex Xobeh
Sif Muna
Xom
Zin
Beogh
Jiyva

Shops:
D:5 ?   D:12 }   Orc:4 (:[*   Vaults:1 ([*

Annotations:
Spider:3 exclusion: Roxanne, Roxanne


Message History

The deep elf sorcerer seems to speed up.
You slice the yaktaur captain!!
The yaktaur captain is moderately wounded.
You slice the stone giant!!
The stone giant is moderately wounded.
The yaktaur captain unwields an uncursed arbalest.
The yaktaur captain hits you but does no damage.
You slice the yaktaur captain like a ripe choko!!!
You kill the yaktaur captain!
Trog accepts your kill.
You slash the stone giant!
The stone giant is heavily wounded.
You hear a shout!
You hear a roar!
The stone giant hits you!
* * * LOW HITPOINT WARNING * * *
You completely miss the stone giant.
The stone giant is heavily wounded.
The deep elf sorcerer casts a spell at you.
The bolt of acid hits you!
You die...

...
.##############
.#.
...............
...
...............
...
...............
...
........)...e..
....).)(.......
...............
.......@.......
......C).......
.....e......(.$
...............
.......?....!..
...............
.........?...%$
...............


You could see a stone giant, a deep elf sorcerer and a deep elf priest.

Vanquished Creatures
  Asterion (Vaults:1)
  A quicksilver dragon (Vaults:5)
  Frances (D:12)
  A tengu reaver (Vaults:1)
  7 vault wardens
  5 ghost moths
  An orc warlord (Orc:3)
  11 emperor scorpions
  7 ironheart preservers
  The ghost of cojito the Hand of Fortune, a powerful DrAr of Nemelex Xobeh (Lair:8)
  A deep elf annihilator (Vaults:1)
  Azrael (Spider:3)
  A salamander stormcaller (D:15)
  4 ettins
  23 vault guards
  A deep elf death mage (Vaults:1)
  A fire dragon (Vaults:2)
  A great orb of eyes (Vaults:1)
  7 yaktaur captains
  Erolcha (D:11)
  A minotaur (Lab)
  4 entropy weavers
  The ghost of nethodsod the Nimble, a powerful MiCK of Xom (Lair:1)
  A rakshasa (Vaults:1)
  A catoblepas (Lair:8)
  5 hydras
  3 centaur warriors
  5 ogre magi
  A deep troll earth mage (D:13)
  14 death yaks
  A tengu warrior (D:15)
  5 orc high priests
  Sonja (Orc:4)
  Nergalle (D:11)
  5 unseen horrors
  6 skeletal warriors
  2 harpies (shapeshifter)
  A deep elf summoner (Vaults:1)
  A swamp dragon (shapeshifter) (Vaults:1)
  Pikel (D:4)
  A wizard (D:14)
  10 orb spiders
  A lindwurm (Lair:8)
  3 hornets (Spider:4)
  5 ironbrand convokers (Vaults:1)
  9 hill giants
  2 cyclopes
  12 orc knights
  24 wolf spiders
  9 ugly things
  A deep elf conjurer (Vaults:1)
  12 griffons
  A salamander (shapeshifter) (D:14)
  5 manticores
  4 fauns (Shoals:1)
  2 moths of wrath (Spider:4)
  8 orc sorcerers
  15 elephants
  8 black mambas
  Maurice (D:8)
  5 vault sentinels
  A gargoyle (D:13)
  6 torpor snails
  2 kobold demonologists
  14 komodo dragons
  18 spiny frogs
  3 fire drakes
  20 yaktaurs
  14 demonic crawlers
  A deep elf priest (D:13)
  2 freezing wraiths
  23 blink frogs
  A polar bear (shapeshifter) (Vaults:2)
  Prince Ribbit (D:7)
  20 jumping spiders
  3 trolls
  8 two-headed ogres
  A snapping turtle (Shoals:1)
  A raiju (shapeshifter) (Vaults:1)
  54 redbacks
  3 slime creatures (Vaults:1)
  17 trapdoor spiders
  A deep elf mage (Vaults:1)
  A human simulacrum (Vaults:1)
  A shadow (D:12)
  89 yaks
  2 tarantellas (shapeshifter)
  2 water elementals (D:13)
  8 wraiths
  31 tarantellas
  2 deep elf fighters
  4 wyverns
  4 fire elementals
  2 hungry ghosts
  Eustachio (D:4)
  A steam dragon (Lair:5)
  5 basilisks
  12 hippogriffs
  16 humans
  5 wargs
  8 vampire mosquitoes
  Menkaure (D:6)
  16 water moccasins
  11 wolves
  A soldier ant (D:13)
  4 hell hounds
  40 orc warriors
  A water moccasin (shapeshifter) (Vaults:1)
  37 spiders
  2 mottled dragons (Vaults:1)
  14 porcupines
  A sky beast (D:11)
  4 wasps
  7 ice beasts
  An eye of draining (D:15)
  5 phantoms
  2 black bears
  The ghost of Prognosys the Insei, an average DsMo of Makhleb (D:4)
  4 slaves (D:4)
  22 crocodiles
  23 ogres
  7 big kobolds
  4 centaurs
  19 giant frogs
  33 scorpions
  12 killer bees
  7 wights
  2 electric eels (D:13)
  3 quasits
  8 centaur zombies
  5 crimson imps
  6 jellies
  A wyvern simulacrum (D:14)
  2 giant frog skeletons
  A giant frog zombie (D:11)
  3 hounds
  36 orc priests
  42 orc wizards
  5 centaur skeletons
  7 hell rats (Lair:4)
  6 iguanas
  12 worker ants
  21 sheep
  A hound skeleton (D:10)
  65 river rats
  10 adders
  3 gnolls (D:4)
  4 shadow imps
  3 oozes
  An adder zombie (D:7)
  3 worms
  An adder skeleton (D:8)
  8 giant geckos
  212 orcs
  A bat (shapeshifter) (D:13)
  24 bats
  A bat skeleton (D:6)
  8 giant cockroaches
  23 hobgoblins
  28 jackals
  4 quokkas
  3 ball pythons (Sewer)
  2 giant gecko zombies (D:8)
  5 giant newts
  18 goblins
  27 kobolds
  A quokka skeleton (D:4)
  18 rats
  A fire vortex (D:15)
  A fungus (D:5)
  A plant (Lair:3)
1599 creatures vanquished.

Vanquished Creatures (others)
  A fire giant (Vaults:3)
  A deep elf knight (D:15)
  An orb spider (Spider:4)
  3 ugly things (D:15)
  An orc sorcerer (D:15)
  A water moccasin (Lair:5)
  A human (D:2)
  A hobgoblin (D:7)
  A bush (Lair:6)
  4 fire vortices (D:15)
  43 fungi
  18 plants
76 creatures vanquished.

Grand Total: 1675 creatures vanquished

Notes
Turn   | Place    | Note
--------------------------------------------------------------
     0 | D:1      | mmazing the Hill Orc Berserker began the quest for the Orb.
     0 | D:1      | Reached XP level 1. HP: 19/19 MP: 1/1
   362 | D:1      | Reached XP level 2. HP: 27/27 MP: 2/2
  1016 | D:2      | Upgraded the game from 0.17-a0-1509-g274fe30 to 0.17-a0-1528-gfee3901
  1153 | D:2      | Acquired Trog's second power
  1153 | D:2      | Reached skill level 5 in Axes
  1153 | D:2      | Reached XP level 3. HP: 24/33 MP: 3/3
  1472 | D:2      | HP: 1/33 [poisoned by an adder]
  1743 | D:2      | Upgraded the game from 0.17-a0-1528-gfee3901 to 0.17-a0-1533-g2f57bce
  1876 | D:2      | Reached XP level 4. HP: 40/40 MP: 4/4
  1896 | D:2      | Found an ancient bone altar of Kikubaaqudgha.
  1901 | D:2      | Noticed a human
  1903 | D:2      | Killed a human
  2127 | D:2      | Noticed an ogre
  2153 | D:2      | Reached skill level 6 in Axes
  2164 | D:2      | Killed an ogre
  2164 | D:2      | Reached skill level 5 in Fighting
  2164 | D:2      | Reached XP level 5. HP: 48/48 MP: 5/5
  2607 | D:3      | Reached skill level 7 in Axes
  3520 | D:4      | Reached XP level 6. HP: 52/56 MP: 6/6
  3534 | D:4      | Noticed Prognosys's ghost (average DsMo)
  3569 | D:4      | Noticed Eustachio
  3575 | D:4      | Reached skill level 8 in Axes
  3582 | D:4      | Killed Eustachio
  3582 | D:4      | Reached skill level 9 in Axes
  3582 | D:4      | Reached XP level 7. HP: 29/62 MP: 7/7
  3585 | D:4      | Killed Prognosys's ghost
  4230 | D:4      | Reached skill level 10 in Axes
  4270 | D:4      | Noticed a slave
  4271 | D:4      | Noticed a slave
  4272 | D:4      | Noticed Pikel
  4303 | D:4      | Killed a slave
  4310 | D:4      | Killed a slave
  4611 | D:4      | Noticed a slave
  4612 | D:4      | Noticed a slave
  4649 | D:4      | Killed a slave
  4659 | D:4      | Killed a slave
  4954 | D:4      | Killed Pikel
  4954 | D:4      | Reached skill level 11 in Axes
  4954 | D:4      | Reached XP level 8. HP: 49/73 MP: 8/8
  5275 | D:5      | Entered Level 5 of the Dungeon
  5275 | D:5      | Found Ciyvoir's Magic Scroll Shop.
  5295 | D:5      | Bought a scroll of identify for 24 gold pieces
  5570 | D:5      | Got a translucent hand axe
  5571 | D:5      | Identified the +4 hand axe "Jiagatz" {holy, rN+} (You found it on level 5 of the Dungeon)
  5592 | D:5      | Reached skill level 12 in Axes
  5785 | D:5      | Found a glowing drain.
  5789 | Sewer    | Entered a sewer
  5845 | Sewer    | Acquired Trog's third power
  6059 | Sewer    | Reached XP level 9. HP: 79/79 MP: 9/9
  6359 | D:5      | Reached skill level 13 in Axes
  6407 | D:5      | Found a deep blue altar of Sif Muna.
  6669 | D:6      | Received a gift from Trog
  6739 | D:6      | Noticed Menkaure
  6745 | D:6      | Killed Menkaure
  6759 | D:6      | Found a glowing silver altar of Zin.
  6891 | D:6      | Found a staircase to the Ecumenical Temple.
  6909 | D:6      | Found a sparkling altar of Nemelex Xobeh.
  7182 | D:6      | Reached skill level 14 in Axes
  7245 | D:6      | Found an ancient bone altar of Kikubaaqudgha.
  7719 | D:7      | Noticed Prince Ribbit
  7735 | D:7      | Killed Prince Ribbit
  8274 | D:8      | Reached skill level 15 in Axes
  8277 | D:8      | Reached XP level 10. HP: 39/91 MP: 10/10
  8593 | D:8      | Noticed Maurice
  8623 | D:8      | Killed Maurice
  9402 | D:8      | Reached skill level 16 in Axes
  9604 | D:9      | Received a gift from Trog
  9643 | D:9      | Reached skill level 10 in Fighting
 10293 | D:10     | Entered Level 10 of the Dungeon
 10312 | D:10     | Noticed an elephant
 10331 | D:9      | Killed an elephant
 10331 | D:9      | Reached skill level 17 in Axes
 10468 | D:10     | Found a staircase to the Lair.
 10479 | Lair:1   | Entered Level 1 of the Lair of Beasts
 10479 | Lair:1   | Found a labyrinth entrance.
 10536 | Lab      | Entered a labyrinth
 10584 | Lab      | Reached XP level 11. HP: 96/101 MP: 11/11
 10905 | Lab      | Noticed a minotaur
 10915 | Lab      | Killed a minotaur
 11504 | Lair:1   | Reached skill level 18 in Axes
 11568 | Lair:1   | Noticed nethodsod's ghost (powerful MiCK)
 11621 | Lair:1   | Killed nethodsod's ghost
 12248 | Lair:2   | Upgraded the game from 0.17-a0-1533-g2f57bce to 0.17-a0-1534-gf98da79
 12891 | Lair:1   | Reached XP level 12. HP: 77/112 MP: 12/12
 13031 | Lair:2   | Reached skill level 5 in Armour
 13676 | Lair:3   | Found a hole to the Spider Nest.
 13686 | Lair:3   | Received a gift from Trog
 14619 | Lair:3   | Found a staircase to the Shoals.
 15086 | Spider:1 | Entered Level 1 of the Spider Nest
 15682 | Shoals:1 | Entered Level 1 of the Shoals
 16283 | Shoals:1 | Reached skill level 10 in Armour
 16303 | Shoals:1 | Noticed a merfolk avatar
 16311 | Shoals:1 | Noticed a merfolk impaler
 16480 | Lair:3   | Reached XP level 13. HP: 89/122 MP: 13/13
 16793 | Lair:4   | Received a gift from Trog
 19117 | Lair:4   | Gained mutation: You are dopey. (Int -2) [potion of mutation]
 19117 | Lair:4   | Gained mutation: Your spells are a little harder to cast, but a little more powerful. [potion of mutation]
 19117 | Lair:4   | Gained mutation: You occasionally shout uncontrollably at your foes. [potion of mutation]
 20510 | Lair:5   | Received a gift from Trog
 20993 | Lair:6   | Reached skill level 15 in Fighting
 21337 | Lair:6   | Reached XP level 14. HP: 117/135 MP: 14/14
 21447 | Lair:6   | Identified the Grimoire of Translocation
 21768 | Lair:6   | Found a viscous altar of Jiyva.
 21768 | Lair:6   | Found a staircase to the Slime Pits.
 22812 | Lair:7   | Received a gift from Trog
 23318 | Lair:7   | Reached skill level 15 in Armour
 23565 | Lair:7   | Received a gift from Trog
 24761 | Lair:8   | Entered Level 8 of the Lair of Beasts
 25829 | Lair:8   | Reached XP level 15. HP: 145/145 MP: 15/15
 25843 | Lair:8   | Received a gift from Trog
 26165 | Lair:8   | Noticed cojito's ghost (powerful DrAr)
 26181 | Lair:8   | Killed cojito's ghost
 27568 | D:10     | Killed an unseen horror
 27890 | D:10     | Noticed a hill giant
 27897 | D:10     | Killed a hill giant
 28744 | D:11     | Noticed Erolcha
 28749 | D:11     | Killed Erolcha
 28771 | D:11     | Got a warped war axe
 28772 | D:11     | Identified the +8 war axe of Gloom {flame, Str+3} (You found it on level 11 of the Dungeon)
 28815 | D:11     | Noticed Nergalle
 28825 | D:11     | Killed Nergalle
 29153 | D:12     | Received a gift from Trog
 29156 | D:12     | Got a smoking executioner's axe {god gift}
 29160 | D:11     | Identified the +7 executioner's axe of Insufficient Pleasure {chop, Int+3} (Trog gifted it to you on level 12 of the Dungeon)
 29327 | D:12     | Found a staircase to the Orcish Mines.
 29422 | Orc:1    | Entered Level 1 of the Orcish Mines
 29426 | Orc:1    | Found Icer's General Store.
 29442 | Orc:1    | Reached skill level 19 in Axes
 30215 | Orc:2    | Received a gift from Trog
 30243 | Orc:2    | You fall through a shaft for 2 floors!
 30243 | Orc:4    | Entered Level 4 of the Orcish Mines
 30929 | Orc:3    | Received a gift from Trog
 31884 | Orc:4    | Noticed Sonja
 31898 | Orc:4    | Killed Sonja
 32048 | Orc:4    | Found a burning altar of Makhleb.
 32113 | Orc:4    | Found Leapiggosk's General Store.
 32114 | Orc:4    | Found Fosial's Book Shop.
 32119 | Orc:4    | Received a gift from Trog
 32123 | Orc:4    | Found Robiar's Antique Armour Shop.
 32123 | Orc:4    | Found Waky's Antique Weapon Boutique.
 32136 | Orc:4    | Reached XP level 16. HP: 155/155 MP: 16/16
 32189 | Orc:4    | Bought a twisted cloak for 285 gold pieces
 32199 | Orc:4    | Identified the cursed +0 cloak "Peapp" {MR+} (You bought it in a shop on level 4 of the Orcish Mines)
 32212 | Orc:4    | Bought a potion of haste for 170 gold pieces
 32212 | Orc:4    | Bought a potion of heal wounds for 85 gold pieces
 32212 | Orc:4    | Bought a scroll of enchant armour for 127 gold pieces
 32371 | Orc:3    | Found a staircase to the Elven Halls.
 32621 | Orc:3    | You fall through a shaft!
 32837 | Orc:2    | Reached skill level 20 in Axes
 33234 | D:12     | Noticed Frances
 33244 | D:12     | Killed Frances
 33850 | D:12     | Found Odiana's Gadget Boutique.
 33868 | D:12     | Bought a plain deck of defence for 196 gold pieces
 33868 | D:12     | Bought a wand of teleportation (5) for 378 gold pieces
 33943 | D:12     | Found a runed door.
 34046 | D:12     | Received a gift from Trog
 34160 | D:12     | Found a roughly hewn altar of Beogh.
 34223 | D:13     | Found a gate to the Vaults.
 35573 | D:13     | Reached skill level 21 in Axes
 35759 | D:14     | Received a gift from Trog
 36077 | D:14     | Found a shimmering altar of Xom.
 36077 | D:14     | Found a shimmering altar of Xom.
 36079 | D:14     | Found a shimmering altar of Xom.
 36622 | D:15     | Entered Level 15 of the Dungeon
 38230 | D:15     | Found a staircase to the Depths.
 38319 | D:15     | Received a gift from Trog
 38325 | D:15     | Reached skill level 22 in Axes
 38430 | D:15     | Reached XP level 17. HP: 148/161 MP: 17/17
 38867 | Spider:1 | Noticed an emperor scorpion
 38882 | Spider:1 | Killed an emperor scorpion
 39226 | Spider:1 | Noticed an emperor scorpion
 39236 | Spider:1 | Killed an emperor scorpion
 39323 | Spider:1 | Received a gift from Trog
 39869 | Spider:2 | Identified a scroll of acquirement
 39872 | Spider:2 | Got a pair of twisted gloves
 39883 | Spider:2 | Identified the +0 pair of gloves "Kucwucw" {rElec rPois rC++ Int-3} (You acquired it on level 2 of the Spider Nest)
 40284 | Spider:2 | Reached skill level 23 in Axes
 40699 | Spider:2 | Got a faintly glowing war axe
 40700 | Spider:2 | Identified the +9 war axe of Upheaval {flame, MR+ Str+3} (You found it on level 2 of the Spider Nest)
 40768 | Spider:3 | Noticed Azrael
 41068 | Spider:3 | Received a gift from Trog
 41073 | Spider:3 | Killed Azrael
 41470 | Spider:3 | Noticed Roxanne
 42169 | Spider:4 | Entered Level 4 of the Spider Nest
 43014 | Spider:4 | Received a gift from Trog
 43835 | Spider:4 | Reached skill level 24 in Axes
 44106 | Spider:4 | Reached XP level 18. HP: 61/170 MP: 0/18
 44983 | Spider:4 | Got a gossamer rune of Zot
 45178 | Spider:1 | Noticed an emperor scorpion
 45195 | Spider:1 | Killed an emperor scorpion
 45232 | Spider:1 | Received a gift from Trog
 45266 | Spider:1 | Noticed an emperor scorpion
 45285 | Spider:1 | Killed an emperor scorpion
 45359 | Spider:1 | Noticed an emperor scorpion
 45371 | Spider:1 | Killed an emperor scorpion
 45463 | Spider:1 | Noticed an emperor scorpion
 45484 | Spider:1 | Killed an emperor scorpion
 45672 | Lair:3   | Upgraded the game from 0.17-a0-1534-gf98da79 to 0.17-a0-1545-gc1bb672
 45799 | Vaults:1 | Entered Level 1 of the Vaults
 45803 | D:13     | Reached skill level 25 in Axes
 46330 | Vaults:1 | Noticed Asterion
 46345 | Vaults:1 | Killed Asterion
 47146 | Vaults:1 | Received a gift from Trog
 47651 | Vaults:1 | Found Gozag's Assorted Antiques.
 47670 | Vaults:1 | Found an opulent altar of Gozag.
 47678 | Vaults:1 | Reached XP level 19. HP: 155/177 MP: 19/19
 47684 | Vaults:1 | Found Gozag's Antique Weapon Shoppe.
 47687 | Vaults:1 | Found Gozag's Antique Armour Shoppe.
 47698 | Vaults:1 | Reached skill level 26 in Axes
 48117 | Vaults:2 | Received a gift from Trog
 48225 | Vaults:2 | Found a flickering gateway to a bazaar.
 48234 | Bazaar   | Entered a bazaar
 48234 | Bazaar   | Found Volir's General Store.
 48243 | Bazaar   | Found Utemmua's Weapon Shoppe.
 48248 | Bazaar   | Found Zics's Assorted Antiques.
 48276 | Bazaar   | Found Fairph's Food Emporium.
 48284 | Bazaar   | Found Sochoru's Gadget Boutique.
 48322 | Bazaar   | Lost mutation: Your spells are a little harder to cast, but a little more powerful. [potion of cure mutation]
 48322 | Bazaar   | Lost mutation: You are dopey. (Int -2) [potion of cure mutation]
 48322 | Bazaar   | Lost mutation: You occasionally shout uncontrollably at your foes. [potion of cure mutation]
 48330 | Bazaar   | Bought a scroll of enchant armour for 157 gold pieces
 48330 | Bazaar   | Bought a ring of protection for 42 gold pieces
 48330 | Bazaar   | Bought a scroll of identify for 42 gold pieces
 48837 | Vaults:5 | Entered Level 5 of the Vaults
 49055 | Vaults:4 | Reached skill level 27 in Axes
 49119 | Vaults:5 | Noticed a golden dragon
 49130 | Vaults:5 | HP: 13/265 [stone giant (14)]
 49131 | Vaults:5 | Killed from afar by a deep elf sorcerer

Vault maps used:
D:1:      dpeg_arrival_arbitrary_c, hangedman_decor_points
D:2:      wad_crossroads, first_bread, tgw_kikubaaqudgha
D:4:      feat_on_display, uniq_eustachio, uniq_pikel
D:5:      lemuel_blue_sif_altar, gup_sewer_entry_spiral, serial_shops, shop,
          minmay_gold_behind_fungi
D:6:      lemuel_coloured_pillars_altar, lemuel_doored_altar,
          minmay_temple_entry_glassed_door, basic_altar,
          kennysheep_big_empty_room, uniq_menkaure
D:7:      uniq_prince_ribbit1
D:8:      uniq_maurice
D:10:     david_lair_generic
D:11:     grunt_pizzeria, uniq_nergalle, uniq_erolcha
D:12:     orc_0_dummy, serial_shops, nicolae_shop_crystal, st_stairs_7,
          nrook_loot_triangle, roderic_serpentine_path, lightli_church_of_beogh,
          uniq_frances
D:13:     cross_vault, david_vaults_3
D:14:     infiniplex_staircase_diamond, xom_redecorated
D:15:     hangedman_depths_entry_civil_slaughter, grunt_decor_resistance
Lair:1:   lab_entry_generic
Lair:2:   infiniplex_staircase_pool, lemuel_fruit_tree
Lair:3:   minmay_shoals_entry_beasts, spider_nest_entry_webs,
          minmay_stone_trees_small, grunt_megastairs_1
Lair:4:   lemuel_old_faithful, infiniplex_staircase_pool_2
Lair:5:   hangedman_lair_generics_rect, lemuel_fruit_fields
Lair:6:   minmay_lair_oklob_items, slime_altar_1
Lair:7:   grunt_megastairs_4
Lair:8:   hangedman_lair_in_review, hangedman_lair_caniforms_friends
Shoals:1: nicolae_shoals_arrival_archipelago
Spider:1: spiders_nest_a
Spider:3: hangedman_spider_tarantella_strand, uniq_azrael, uniq_roxanne
Spider:4: spider_rune_water, nicolae_spider_webbed_stairs
Orc:1:    cheibrodos_orc_bank, serial_shops, shop
Orc:2:    statue_in_the_mist_lemuel
Orc:3:    nicolae_orc_pool_cavern, uniq_sonja
Orc:4:    st_orc_congregation, basic_altar
Vaults:1: vaults_standard_mumra_lines, vaults_room_stairs_pillars,
          hangedman_vaults_corner, kennysheep_vaults_gozag_temple, v_misc_10,
          hangedman_vaults_nails, v_rooms_2, v_rooms_1, v_misc_22, uniq_asterion
Vaults:2: v_rooms_6, nicolae_vaults_triangles, nicolae_vaults_little_ls,
          v_misc_17, v_rooms_3, vaults_dpeg_encased_lava, hangedman_vaults_trim,
          v_misc_32, nicolae_vaults_big_ls, vaults_room_door_ring,
          vaults_room_door_ring, ontoclasm_vaults_ligature, vaults_room_hallway,
          serial_shops, freezing_bzr
Vaults:3: v_pattern_3, hangedman_vaults_stagger,
          nicolae_vaults_twisting_passages, hangedman_vaults_hat,
          vaults_room_fancy_cross, ontoclasm_vaults_twist,
          hangedman_vaults_locks, blue_anna_dwarven_crypt,
          hangedman_vaults_snaps, uniq_donald
Vaults:4: vaults_room_fancy_cross, v_pattern_1, vaults_mumra_chevron, v_misc_33,
          grunt_vaults_swirl, dpeg_vaults_monster_row, nicolae_vaults_quadrants,
          vaults_mumra_lcd, ontoclasm_vaults_gateway,
          nicolae_vaults_yaktaur_gun_rack, vaults_room_grid,
          ontoclasm_vaults_eye
Vaults:5: uniq_mara
Lab:      nicolae_lab_flowing_pool, nicolae_lab_plus, labyrinth_skeletal_remains
Bazaar:   bazaar_kb_twisted_cavern
Sewer:    kennysheep_pipe_town

Action                   |  1- 3 |  4- 6 |  7- 9 | 10-12 | 13-15 | 16-18 | 19-21 || total
-------------------------+-------+-------+-------+-------+-------+-------+-------++-------
Melee: Hand axe          |   116 |   141 |   474 |   247 |       |       |       ||   978
       Great mace        |       |       |       |   416 |  1118 |       |       ||  1534
       Broad axe         |       |       |       |       |     1 |       |       ||     1
       Executioner's axe |       |       |       |       |   267 |  1449 |   222 ||  1938
       War axe           |       |       |       |       |    35 |     4 |       ||    39
       Battleaxe         |       |       |       |       |     2 |       |       ||     2
Invok: Berserk           |     1 |     3 |     3 |     5 |     7 |     4 |     1 ||    24
       Trog's Hand       |     1 |     1 |       |       |     1 |     1 |       ||     4
Evoke: Wand              |       |     1 |       |     3 |     2 |     4 |     1 ||    11
       Deck              |       |       |       |       |       |     1 |       ||     1
  Use: Potion            |     1 |     2 |       |     2 |    11 |     5 |     1 ||    22
       Scroll            |       |     2 |     5 |     7 |    20 |    10 |     3 ||    47
 Stab: Sleeping          |     1 |     1 |       |       |       |       |       ||     2
       Distracted        |       |     1 |       |       |       |       |       ||     1
  Eat: Chunk             |     4 |     8 |    12 |    21 |    29 |     6 |       ||    80
       Bread ration      |       |       |     1 |       |       |       |       ||     1
       Pizza             |       |       |     1 |       |     5 |     4 |     2 ||    12
       Beef jerky        |       |       |       |     4 |     3 |     5 |       ||    12
       Fruit             |       |       |       |     6 |     5 |       |       ||    11
       Meat ration       |       |       |       |     1 |     2 |     7 |     1 ||    11
       Royal jelly       |       |       |       |       |     1 |       |       ||     1
